AoeStats
← davidagh2001

Arabian Desert

510909503Analyzed
1v1 RM · 17h ago on Oct 3, 2026· 14m 39s· 2 players
Game mode
Random Map
Map size
Tiny (2 player)
Population
200
Speed
Normal
Resources
Standard
Victory
Conquest
Starting age
Dark Age
Ending age
Imperial Age
RankedLock teamsTeams togetherTeam positionsShared explorationLock speedFull tech treeHidden civsTurbo modeCheats
Victory
Defeat
🇲🇽 Mongols · Mexico
1308
+17
🇵🇪 Vikings · Peru
1335
-17
davidagh2001
7:15 Loom
9:01 Feudal Age
10:59 Arson
10:57 Man-at-Arms
14:59 Fletching
[JRH]LOS CHAPIS
7:35 Loom
10:09 Feudal Age
10:52 Double-Bit Axe
Connection lost

Rejoining the realm…

Still unreachable

The connection could not be restored.

Session expired

The server has moved on; the page needs a fresh start.